| TOP OF THE 1ST |
|
Augusta GreenJackets batting - Pitching for Kane County Cougars : RHP Nobuo Okazaki
|
|
Pitching: RHP Nobuo Okazaki
|
|
|
Batting: SHB Zack Barton
|
0-0: Swinging Strike 0-1: Swinging Strike 0-2: Foul Ball, location: 2F 0-2: Strikes out swinging
|
|
Batting: RHB Zach Maguire
|
0-0: Ball 1-0: Swinging Strike 1-1: Foul Ball, location: 2F 1-2: Fly out, F7 (Flyball, 7D, EV 78.1 MPH)
|
|
Batting: LHB Mike Roberts
|
0-0: Ball 1-0: Foul Ball, location: 2F 1-1: Foul Ball, location: 2F 1-2: Fly out, F7 (Flyball, 7S, EV 93.1 MPH)
|
| Top of the 1st over - 0 runs, 0 hits, 0 errors, 0 left on base; Augusta 0 - Kane County 0 |
| BOTTOM OF THE 1ST |
|
Kane County Cougars batting - Pitching for Augusta GreenJackets : RHP Jerry Schlaak
|
|
Pitching: RHP Jerry Schlaak
|
|
|
Batting: RHB Francisco Gutierrez
|
0-0: Ball 1-0: Called Strike 1-1: Ball 2-1: Fly out, F9 (Flyball, 9, EV 97.5 MPH)
|
|
Batting: SHB Blaine Peters
|
0-0: Called Strike 0-1: Swinging Strike 0-2: Foul Ball, location: 2F 0-2: DOUBLE (Line Drive, 78D, EV 98.8 MPH)
|
|
Batting: RHB Chad Mendoza
|
0-0: SINGLE (Line Drive, 7S, EV 106.2 MPH) Blaine Peters to third
|
|
Batting: RHB Longfellow Wetzler
|
0-0: Called Strike 0-1: SINGLE (Groundball, 56, EV 95.6 MPH) Blaine Peters scores Chad Mendoza to second
|
|
Batting: RHB D.J. Cooke
|
0-0: Foul Ball, location: 2F 0-1: Ball 1-1: Called Strike 1-2: Foul Ball, location: 2F 1-2: DOUBLE (Flyball, 8LXD, EV 100.6 MPH) Chad Mendoza scores Longfellow Wetzler to third Runner from 3rd tries for Home, SAFE, throw by CF to trailing runner, SAFE at third!
|
|
Batting: RHB Sergio Manzanero
|
0-0: Ball Passed Ball! D.J. Cooke scores 1-0: Ball 2-0: Ball 3-0: Base on Balls
|
|
Batting: LHB Jeff Harmon
|
0-0: Swinging Strike 0-1: SINGLE (Groundball, 34D, EV 99.4 MPH) Sergio Manzanero to second Runner from 2nd tries for 3rd, SAFE, throw by RF made to third
|
|
Batting: LHB Jeff Trapp
|
0-0: Ball 1-0: Ball Wild Pitch! Sergio Manzanero scores Jeff Harmon to second 2-0: Ball 3-0: Called Strike 3-1: Base on Balls
|
|
Pitching: RHP Kyle Rindels
|
|
|
Batting: RHB Gary Hills
|
0-0: Swinging Strike 0-1: Swinging Strike 0-2: Foul Ball, location: 2F 0-2: Foul Ball, location: 2F 0-2: Ball 1-2: Strikes out swinging
|
|
Batting: RHB Francisco Gutierrez
|
0-0: Ball 1-0: Swinging Strike 1-1: Swinging Strike 1-2: Foul Ball, location: 2F 1-2: Strikes out swinging
|
| Bottom of the 1st over - 5 runs, 5 hits, 0 errors, 2 left on base; Augusta 0 - Kane County 5 |
| TOP OF THE 2ND |
|
Augusta GreenJackets batting - Pitching for Kane County Cougars : RHP Nobuo Okazaki
|
|
Batting: LHB Steve Nevis
|
0-0: Called Strike 0-1: Ball 1-1: Ball 2-1: SOLO HOME RUN (Flyball, 9D, EV 98.8 MPH), Distance : 385 ft
|
|
Batting: LHB Emilio Ortez
|
0-0: DOUBLE (Line Drive, 7LD, EV 108.1 MPH)
|
|
Batting: LHB Shane Cruse
|
0-0: SINGLE (Line Drive, 56, EV 101.2 MPH) Emilio Ortez to third
|
|
Batting: RHB Mario Mendoza
|
0-0: Ball 1-0: Ball 2-0: Grounds into double play, 6-4-3 (Groundball, 6, EV 85.0 MPH) Emilio Ortez scores
|
|
Batting: RHB Gary Sampson
|
0-0: Foul Ball, location: 2F 0-1: Ball 1-1: Ball 2-1: Called Strike 2-2: Foul Ball, location: 2F 2-2: SOLO HOME RUN (Flyball, 78XD, EV 105.0 MPH), Distance : 397 ft
|
|
Batting: RHB Teruhide Horiuchi
|
0-0: Ball 1-0: Ball 2-0: Fly out, F7 (Flyball, 7D, EV 99.4 MPH)
|
| Top of the 2nd over - 3 runs, 4 hits, 0 errors, 0 left on base; Augusta 3 - Kane County 5 |
| BOTTOM OF THE 2ND |
|
Kane County Cougars batting - Pitching for Augusta GreenJackets : RHP Kyle Rindels
|
|
Batting: SHB Blaine Peters
|
0-0: Swinging Strike 0-1: Ground out 4-3 (Groundball, 4, EV 110.0 MPH)
|
|
Batting: RHB Chad Mendoza
|
0-0: Called Strike 0-1: Fly out, F9 (Line Drive, 9S, EV 95.6 MPH)
|
|
Batting: RHB Longfellow Wetzler
|
0-0: Ball 1-0: Ball 2-0: Ball 3-0: Base on Balls
|
|
Batting: RHB D.J. Cooke
|
0-0: Called Strike 0-1: Called Strike 0-2: Strikes out swinging
|
| Bottom of the 2nd over - 0 runs, 0 hits, 0 errors, 1 left on base; Augusta 3 - Kane County 5 |
| TOP OF THE 3RD |
|
Augusta GreenJackets batting - Pitching for Kane County Cougars : RHP Nobuo Okazaki
|
|
Batting: SHB Zack Barton
|
0-0: Ball 1-0: Fly out, F8 (Flyball, 89S, EV 83.1 MPH)
|
|
Batting: RHB Zach Maguire
|
0-0: Ball 1-0: Swinging Strike 1-1: Called Strike 1-2: Strikes out swinging
|
|
Batting: LHB Mike Roberts
|
0-0: Foul Ball, location: 2F 0-1: Foul Ball, location: 2F 0-2: Foul Ball, location: 2F 0-2: Ball 1-2: SINGLE (Groundball, 25, EV 68.8 MPH) (infield hit)
|
|
Batting: LHB Steve Nevis
|
0-0: Foul Ball, location: 2F 0-1: Foul Ball, location: 2F 0-2: Ball 1-2: Strikes out looking
|
| Top of the 3rd over - 0 runs, 1 hit, 0 errors, 1 left on base; Augusta 3 - Kane County 5 |
| BOTTOM OF THE 3RD |
|
Kane County Cougars batting - Pitching for Augusta GreenJackets : RHP Kyle Rindels
|
|
Batting: RHB Sergio Manzanero
|
0-0: Swinging Strike 0-1: Called Strike 0-2: Foul Ball, location: 2F 0-2: Foul Ball, location: 2F 0-2: Ball 1-2: Strikes out swinging
|
|
Batting: LHB Jeff Harmon
|
0-0: Foul Ball, location: 2F 0-1: Ball 1-1: Ball 2-1: Swinging Strike 2-2: Strikes out looking
|
|
Batting: LHB Jeff Trapp
|
0-0: Foul Ball, location: 2F 0-1: Ball 1-1: Ball 2-1: Fly out, F8 (Flyball, 78S, EV 75.6 MPH)
|
| Bottom of the 3rd over - 0 runs, 0 hits, 0 errors, 0 left on base; Augusta 3 - Kane County 5 |
| TOP OF THE 4TH |
|
Augusta GreenJackets batting - Pitching for Kane County Cougars : RHP Nobuo Okazaki
|
|
Batting: LHB Emilio Ortez
|
0-0: Ball 1-0: Ground out 4-3 (Groundball, 4, EV 106.9 MPH)
|
|
Batting: LHB Shane Cruse
|
0-0: Ball 1-0: Fly out, F7 (Flyball, 7, EV 86.2 MPH)
|
|
Batting: RHB Mario Mendoza
|
0-0: Ground out 6-3 (Groundball, 6, EV 78.1 MPH)
|
| Top of the 4th over - 0 runs, 0 hits, 0 errors, 0 left on base; Augusta 3 - Kane County 5 |
| BOTTOM OF THE 4TH |
|
Kane County Cougars batting - Pitching for Augusta GreenJackets : RHP Kyle Rindels
|
|
Batting: RHB Gary Hills
|
0-0: Foul Ball, location: 2F 0-1: Ball 1-1: Ball 2-1: Foul Ball, location: 2F 2-2: Strikes out looking
|
|
Batting: RHB Francisco Gutierrez
|
0-0: Ground out 5-3 (Groundball, 56, EV 83.1 MPH)
|
|
Batting: SHB Blaine Peters
|
0-0: Swinging Strike 0-1: Ball 1-1: Swinging Strike 1-2: Foul Ball, location: 2F 1-2: Ground out 4-3 (Groundball, 4M, EV 99.4 MPH)
|
| Bottom of the 4th over - 0 runs, 0 hits, 0 errors, 0 left on base; Augusta 3 - Kane County 5 |
| TOP OF THE 5TH |
|
Augusta GreenJackets batting - Pitching for Kane County Cougars : RHP Nobuo Okazaki
|
|
Batting: RHB Gary Sampson
|
0-0: Ball 1-0: SINGLE (Groundball, 4MD, EV 96.2 MPH)
|
|
Batting: RHB Teruhide Horiuchi
|
0-0: Ball 1-0: Ball Gary Sampson steals 2nd base 2-0: Foul Ball, location: 2F 2-1: Ball 3-1: Ground out 5-3 (Groundball, 56, EV 101.9 MPH)
|
|
Batting: SHB Zack Barton
|
0-0: Ball 1-0: Ball 2-0: Called Strike 2-1: Called Strike 2-2: Foul Ball, location: 2F 2-2: Ground out 3-1 (Groundball, 34, EV 101.9 MPH) Gary Sampson to third
|
|
Batting: RHB Zach Maguire
|
0-0: Ball 1-0: Swinging Strike 1-1: Ball 2-1: Swinging Strike 2-2: Ball 3-2: Base on Balls
|
|
Batting: LHB Mike Roberts
|
0-0: Ball 1-0: Foul Ball, location: 2F 1-1: Ball 2-1: DOUBLE (Line Drive, 7LS, EV 91.2 MPH) Gary Sampson scores Zach Maguire to third Runner from 3rd tries for Home, SAFE, no throw by LF
|
|
Pitching: LHP Shelby Rich
|
|
|
Batting: LHB Steve Nevis
|
0-0: Called Strike 0-1: Swinging Strike 0-2: Strikes out swinging
|
| Top of the 5th over - 2 runs, 2 hits, 0 errors, 1 left on base; Augusta 5 - Kane County 5 |
| BOTTOM OF THE 5TH |
|
Kane County Cougars batting - Pitching for Augusta GreenJackets : RHP Kyle Rindels
|
|
Batting: RHB Chad Mendoza
|
0-0: Swinging Strike 0-1: DOUBLE (Flyball, 8LXD, EV 93.8 MPH)
|
|
Pitching: RHP Hiroaki Yazawa
|
|
|
Batting: RHB Longfellow Wetzler
|
0-0: Ball 1-0: Ball 2-0: Called Strike 2-1: Swinging Strike 2-2: Ball 3-2: Strikes out swinging
|
|
Batting: RHB D.J. Cooke
|
0-0: Foul Ball, location: 2F 0-1: Swinging Strike 0-2: Ball 1-2: Foul Ball, location: 2F 1-2: Strikes out swinging
|
|
Batting: RHB Sergio Manzanero
|
0-0: Fly out, F9 (Flyball, 9D, EV 101.2 MPH)
|
| Bottom of the 5th over - 0 runs, 1 hit, 0 errors, 1 left on base; Augusta 5 - Kane County 5 |
| TOP OF THE 6TH |
|
Augusta GreenJackets batting - Pitching for Kane County Cougars : LHP Shelby Rich
|
|
Batting: LHB Emilio Ortez
|
0-0: Called Strike 0-1: SINGLE (Groundball, 3S, EV 95.0 MPH)
|
|
Batting: LHB Shane Cruse
|
0-0: Ball 1-0: Called Strike 1-1: Swinging Strike 1-2: Strikes out swinging
|
|
Batting: RHB Mario Mendoza
|
0-0: Called Strike 0-1: Foul Ball, location: 2F 0-2: Ball 1-2: Foul Ball, location: 2F 1-2: Fly out, F8 (Flyball, 89M, EV 81.2 MPH)
|
|
Batting: RHB Gary Sampson
|
0-0: Fly out, F7 (Flyball, 78S, EV 88.1 MPH)
|
| Top of the 6th over - 0 runs, 1 hit, 0 errors, 1 left on base; Augusta 5 - Kane County 5 |
| BOTTOM OF THE 6TH |
|
Kane County Cougars batting - Pitching for Augusta GreenJackets : RHP Hiroaki Yazawa
|
|
Batting: LHB Jeff Harmon
|
0-0: SINGLE (Groundball, 4M, EV 106.2 MPH) (infield hit)
|
|
Batting: LHB Jeff Trapp
|
0-0: Ball 1-0: Ball 2-0: Foul Ball, location: 2F 2-1: Ball 3-1: Base on Balls Jeff Harmon to second
|
|
Batting: RHB Gary Hills
|
0-0: Ball 1-0: Ball 2-0: Ball 3-0: Called Strike 3-1: Base on Balls Jeff Harmon to third Jeff Trapp to second
|
|
Pitching: RHP Kevin Spencer
|
|
|
Batting: RHB Francisco Gutierrez
|
0-0: Ball 1-0: Ball 2-0: Foul Ball, location: 2F 2-1: Grounds into fielders choice 4-2 (Groundball, 4, EV 85.0 MPH) Jeff Trapp to third Gary Hills to second
|
|
Batting: SHB Blaine Peters
|
0-0: Ball 1-0: Foul Ball, location: 2F 1-1: Ball 2-1: DOUBLE (Line Drive, 7LM, EV 108.1 MPH) Jeff Trapp scores Gary Hills scores Francisco Gutierrez to third Runner from 3rd tries for Home, SAFE, no throw by LF
|
|
Batting: RHB Chad Mendoza
|
0-0: Called Strike 0-1: Ball 1-1: Ball 2-1: Ball 3-1: Foul Ball, location: 2F 3-2: Base on Balls
|
|
Batting: RHB Longfellow Wetzler
|
0-0: SINGLE (Line Drive, 8LS, EV 90.0 MPH) Blaine Peters to third Chad Mendoza to second Runner from 3rd tries for Home, SAFE, throw by CF to home
|
|
Batting: RHB D.J. Cooke
|
0-0: Ball 1-0: Ball 2-0: Ball 3-0: Base on Balls Chad Mendoza to third Longfellow Wetzler to second
|
|
Batting: RHB Sergio Manzanero
|
0-0: Ball 1-0: Foul Ball, location: 2F 1-1: Swinging Strike 1-2: SINGLE (Groundball, 34D, EV 96.9 MPH) Chad Mendoza scores Longfellow Wetzler to third D.J. Cooke to second Runner from 3rd tries for Home, SAFE, throw by RF to home
|
|
Pitching: RHP Edward Jones
|
|
|
Batting: LHB Jeff Harmon
|
0-0: Ball 1-0: Ball 2-0: Called Strike 2-1: Swinging Strike Balk! D.J. Cooke to third Sergio Manzanero to second 2-2: Ground out 5-3 (Groundball, 56, EV 98.1 MPH) D.J. Cooke scores
|
|
Batting: LHB Jeff Trapp
|
0-0: Ball 1-0: Ball 2-0: Called Strike 2-1: Ball 3-1: Called Strike 3-2: Strikes out swinging
|
| Bottom of the 6th over - 7 runs, 4 hits, 0 errors, 1 left on base; Augusta 5 - Kane County 12 |
| TOP OF THE 7TH |
|
Augusta GreenJackets batting - Pitching for Kane County Cougars : LHP Shelby Rich
|
|
Batting: RHB Teruhide Horiuchi
|
0-0: Called Strike 0-1: Ball 1-1: Called Strike 1-2: Foul Ball, location: 2F 1-2: Foul Ball, location: 2F 1-2: Strikes out looking
|
|
Batting: SHB Zack Barton
|
0-0: Called Strike 0-1: Called Strike 0-2: Fly out, F9 (Flyball, 89D, EV 95.6 MPH)
|
|
Batting: RHB Zach Maguire
|
0-0: Called Strike 0-1: Called Strike 0-2: Foul Ball, location: 2F 0-2: Strikes out looking
|
| Top of the 7th over - 0 runs, 0 hits, 0 errors, 0 left on base; Augusta 5 - Kane County 12 |
| BOTTOM OF THE 7TH |
|
Kane County Cougars batting - Pitching for Augusta GreenJackets : RHP Edward Jones
|
|
Pinch Hitting: RHB Ernesto Zamora
|
0-0: Ball 1-0: Ground out 6-3 (Groundball, 6, EV 101.2 MPH)
|
|
Pinch Hitting: LHB Tae-geun Kwang
|
0-0: Ball 1-0: Ball 2-0: Ball 3-0: Called Strike 3-1: Base on Balls
|
|
Batting: SHB Blaine Peters
|
0-0: Called Strike 0-1: Foul Ball, location: 2F 0-2: Ball 1-2: Ball 2-2: Ball 3-2: Base on Balls Tae-geun Kwang to second
|
|
Batting: RHB Chad Mendoza
|
0-0: SINGLE (Line Drive, 56D, EV 95.0 MPH) Tae-geun Kwang to third Blaine Peters to second Runner from 3rd tries for Home, throw by LF and OUT! 7-2
|
|
Batting: RHB Longfellow Wetzler
|
Balk! Blaine Peters to third Chad Mendoza to second 0-0: Foul Ball, location: 2F 0-1: Ball 1-1: Ground out 4-3 (Groundball, 4, EV 81.2 MPH)
|
| Bottom of the 7th over - 0 runs, 1 hit, 0 errors, 2 left on base; Augusta 5 - Kane County 12 |
| TOP OF THE 8TH |
|
Augusta GreenJackets batting - Pitching for Kane County Cougars : LHP Shelby Rich
|
|
Now at SS: Ernesto Zamora
|
|
|
Now in LF: Tae-geun Kwang
|
|
|
Pinch Hitting: LHB Takaaki Nishimoto
|
0-0: Ground out 4-3 (Groundball, 4, EV 107.5 MPH)
|
|
Batting: LHB Steve Nevis
|
0-0: Ball 1-0: Called Strike 1-1: Called Strike 1-2: Ball 2-2: Strikes out swinging
|
|
Batting: LHB Emilio Ortez
|
0-0: Ground out 3-1 (Groundball, 34, EV 110.6 MPH)
|
| Top of the 8th over - 0 runs, 0 hits, 0 errors, 0 left on base; Augusta 5 - Kane County 12 |
| BOTTOM OF THE 8TH |
|
Kane County Cougars batting - Pitching for Augusta GreenJackets : RHP Edward Jones
|
|
Now at 1B: Takaaki Nishimoto
|
|
|
Batting: RHB D.J. Cooke
|
0-0: Called Strike 0-1: Swinging Strike 0-2: Foul Ball, location: 2F 0-2: Strikes out swinging
|
|
Batting: RHB Sergio Manzanero
|
0-0: Called Strike 0-1: Foul Ball, location: 2F 0-2: SINGLE (Groundball, 6D, EV 94.4 MPH)
|
|
Pitching: LHP Jimmy Heinecke
|
|
|
Batting: LHB Jeff Harmon
|
0-0: Ball 1-0: SINGLE (Line Drive, 78S, EV 95.0 MPH) Sergio Manzanero to second
|
|
Batting: LHB Jeff Trapp
|
0-0: Called Strike 0-1: Fielders Choice at 2nd, 6-4 (Groundball, 56, EV 108.8 MPH) Sergio Manzanero to third
|
|
Batting: RHB Ernesto Zamora
|
0-0: Ball 1-0: Ball Jeff Trapp is caught stealing 2nd base 2-4
|
| Bottom of the 8th over - 0 runs, 2 hits, 0 errors, 1 left on base; Augusta 5 - Kane County 12 |
| TOP OF THE 9TH |
|
Augusta GreenJackets batting - Pitching for Kane County Cougars : LHP Shelby Rich
|
|
Pinch Hitting: RHB Ed Broomhead
|
0-0: Called Strike 0-1: Ball 1-1: Ball 2-1: Ball 3-1: Base on Balls
|
|
Batting: RHB Mario Mendoza
|
0-0: Called Strike 0-1: Ball 1-1: Called Strike 1-2: Ball 2-2: Ball 3-2: Base on Balls Ed Broomhead to second
|
|
Batting: RHB Gary Sampson
|
0-0: Fielders Choice at 2nd, 3-6 (Groundball, 3S, EV 81.9 MPH) Ed Broomhead to third
|
|
Batting: RHB Teruhide Horiuchi
|
0-0: Ball 1-0: Swinging Strike 1-1: Foul Ball, location: 2F 1-2: Grounds into double play, 6-4-3 (Groundball, 56, EV 77.5 MPH)
|
| Top of the 9th over - 0 runs, 0 hits, 0 errors, 1 left on base; Augusta 5 - Kane County 12 |
|